 Dungeon Crawl Stone Soup version 0.29.0-13-gc9e81de378 (webtiles) character file.

Game seed: 3288798375275535792

67 Artool the Cudgeller (level 4, -1/34 HPs)
             Began as a Demonspawn Gladiator on Sept 7, 2022.
             Slain by Terence
             ... wielding a +0 flail
              (5 damage)
             ... on level 2 of the Dungeon.
             The game lasted 00:03:45 (2067 turns).

Artool the Cudgeller (Demonspawn Gladiator)         Turns: 2067, Time: 00:03:46

Health: -1/34      AC:  6    Str: 16    XL:     4   Next: 0%
Magic:  4/4        EV: 11    Int: 10    God:
Gold:   142        SH:  0    Dex: 14    Spells: 3/3 levels left

rFire   . . .      SeeInvis .   a - +0 flail
rCold   . . .      Faith    .   (no shield)
rNeg    . . .      Spirit   .   j - +0 ring mail
rPois   .          Reflect  .   c - +0 helmet
rElec   .          Harm     .   (no cloak)
rCorr   .          Rampage  .   (no gloves)
Will    .....                   (no boots)
Stlth   +.........              (no amulet)
HPRegen 0.11/turn               (no ring)
MPRegen 0.18/turn               (no ring)

@: no status effects
A: ignite blood 1, magic regeneration
a: no special abilities


You were on level 2 of the Dungeon.
You visited 1 branch of the dungeon, and saw 2 of its levels.

You collected 142 gold pieces.

Inventory:

Hand Weapons
 a - a +0 flail (weapon)
Missiles
 d - 3 throwing nets (quivered)
 e - 4 javelins
Armour
 b - a +0 leather armour
 c - a +0 helmet (worn)
 j - a +0 ring mail (worn)
Magical Staves
 l - a staff of air
Scrolls
 i - a scroll of enchant armour {unknown}
 k - a scroll of fear {unknown}
Potions
 f - 2 potions of brilliance {unknown}
 g - a potion of curing {unknown}
 h - a potion of ambrosia {unknown}


   Skills:
 + Level 2.7 Fighting
 + Level 3.2 Maces & Flails
 - Level 1.7 Throwing
 + Level 1.3 Armour
 + Level 3.2 Dodging


You had 3 spell levels left.
You didn't know any spells.
Your spell library contained the following spells:

 Spells                   Type           Power      Damage    Failure   Level
 Sublimation of Blood     Necr           0%         N/A       73%         2
 Petrify                  Tmut/Erth      0%         N/A       100%        4
 Irradiate                Conj/Tmut      0%         3d11      100%        5


Dungeon Overview and Level Annotations

Branches:
Dungeon (2/15)

Altars:

Annotations:
D:2 Terence


Innate Abilities, Weirdness & Mutations

Your demonic aura sometimes causes spilled blood to erupt in flames.
You regenerate magic rapidly.


Message History

You barely miss Terence. Terence barely misses you.
You hit Terence.
Terence is lightly wounded.
Terence hits you with a +0 flail.
You hit Terence but do no damage.
Terence is lightly wounded.
Terence hits you with a +0 flail.
You closely miss Terence.
Terence is lightly wounded.
Terence closely misses you. Terence hits you with a +0 flail.
You barely miss Terence.
Terence is lightly wounded.
Terence barely misses you.
You hit Terence but do no damage.
Terence is lightly wounded.
Terence barely misses you.
You closely miss Terence. Terence barely misses you.
You hit Terence.
Terence is moderately wounded.
Terence hits you with a +0 flail.
You hit Terence.
Terence is moderately wounded.
Terence barely misses you. x2
You hit Terence.
Terence is heavily wounded.
Terence closely misses you.
You barely miss Terence.
Terence is heavily wounded.
Terence hits you with a +0 flail.
You barely miss Terence.
Terence is moderately wounded.
Terence hits you with a +0 flail.
You barely miss Terence.
Terence is moderately wounded.
Terence hits you with a +0 flail!
* * * LOW HITPOINT WARNING * * *
You hit Terence.
Terence is heavily wounded.
Terence completely misses you. Terence hits you with a +0 flail.
You die...

#.# #.#
#.###.#.## #.#
#.###.# #.#.# #.#
#.....###...# #.#
#..###...####
#.######..####.##
#...........##.#
########.##.##.#
#.##.##.#
#@##.##.#
#######@##.##.#
.......r##.##.#
#####.)....#..#
#.#.#### #.#.#
....# .. ... .#.
...


You could see Terence and a rat.

Vanquished Creatures
  2 adders (D:2)
  2 dart slugs (D:1)
  4 ball pythons
  5 endoplasms
  A giant cockroach (D:1)
  2 goblins
  3 hobgoblins
  4 jackals (D:1)
  8 kobolds
  A quokka (D:1)
  2 bats (D:1)
  4 frilled lizards
  4 rats
42 creatures vanquished.

Notes
Turn   | Place    | Note
-------+----------+-------------------------------------------
     0 | D:1      | Artool the Demonspawn Gladiator began the quest for the
                  | Orb.
     0 | D:1      | Reached XP level 1. HP: 16/16 MP: 1/1
   269 | D:1      | Gained mutation: Your demonic aura sometimes causes spilled
                  | blood to erupt in flames. [demonic ancestry]
   269 | D:1      | Reached XP level 2. HP: 17/22 MP: 2/2
   737 | D:1      | Reached skill level 1 in Armour
   901 | D:1      | Gained mutation: You regenerate magic rapidly. [demonic
                  | ancestry]
   901 | D:1      | Reached XP level 3. HP: 28/28 MP: 3/3
  2047 | D:2      | Noticed Terence
  2052 | D:2      | Reached XP level 4. HP: 33/34 MP: 4/4
  2067 | D:2      | Slain by Terence

Illustrated notes

Levels and vault maps discovered:
D:1:      eino_arrival_water_cross, layout_loops_ring, dreamdust_wishing_well,
          minmay_3d_cube
D:2:      layout_loops_ring, uniq_sigmund, uniq_terence

Skill      XL: |  1  2 |
---------------+-------+-----
Maces & Flails | 3 |  3.2
Armour         | 1 |  1.3
Dodging        | 3 |  3.2
Fighting       | |  2.7
Throwing       | |  1.7

Action                   |  1- 3 |  4- 6 || total
-------------------------+-------+-------++-------
Melee: Flail             |   129 |    14 ||   143
Armor: Leather armour    |    40 |       ||    40
       Ring mail         |     7 |       ||     7
Dodge: Dodged            |    93 |    10 ||   103
